 Dungeon Crawl Stone Soup version 0.24.0-13-gcf9b319 (webtiles) character file.

Game seed: 8908885893094721858, levelgen mode: deterministic

10166 Bronimir the Cleaver (level 11, -7/75 HPs)
             Began as a Demonspawn Gladiator on Apr 17, 2020.
             Was a Priest of Cheibriados.
             Killed by drain life
             ... invoked by a soul eater
              (18 damage)
             ... in a Gauntlet.
             The game lasted 00:33:20 (12170 turns).

Bronimir the Cleaver (Demonspawn Gladiator)        Turns: 12170, Time: 00:33:20

Health: -7/75      AC: 17    Str: 25    XL:     11   Next: 32%
Magic:  0/15       EV: 13    Int: 22    God:    Cheibriados [***...]
Gold:   677        SH:  0    Dex: 17    Spells: 2/15 levels left

rFire    + + .     SeeInvis .   a - +3 flail (protect)
rCold    . . .     Gourm    .   (no shield)
rNeg     . . .     Faith    .   Q - +3 ring mail "Huowuchu" {rElec rCorr Int+4 Dex-3}
rPois    +         Spirit   +   O - +0 helmet
rElec    +         Reflect  .   e - +2 cloak
rCorr    +         Harm     .   (no gloves)
MR       .....     NoTele   +   (no boots)
Stlth    +.........             (no amulet)
HPRegen  0.22/turn              N - +3 ring of intelligence
MPRegen  0.28/turn              s - ring of poison resistance

@: very slightly contaminated, drained, invisible, very slow
A: hooves 2, molten scales 3, fire resistance 1, frail 1, mutation resistance 1,
magic shield, magic regeneration, flame cloud immunity
a: Bend Time, Temporal Distortion, Renounce Religion


You were in a Gauntlet.
You worshipped Cheibriados.
Cheibriados was most pleased with you.
You were hungry.

You visited 3 branches of the dungeon, and saw 12 of its levels.
You also visited: Gauntlet.

You collected 677 gold pieces.

Inventory:

Hand Weapons
 a - a +3 flail of protection (weapon)
 b - a +0 hand crossbow
 k - a +1 war axe
 l - a +0 shortbow
 q - the +3 falchion of Gyfett {pain, rF- Int+4 Dex+5}
   (You found it on level 9 of the Dungeon)

   In the hands of one skilled in necromantic magic, it inflicts extra damage on
   living creatures.
   It affects your intelligence (+4).
   It affects your dexterity (+5).
   It makes you vulnerable to fire.
 r - a +1 scythe of protection
 J - a +0 hunting sling
 K - a +0 broad axe
Missiles
 d - 3 throwing nets
 g - 109 bolts
 h - 48 sling bullets
 n - 245 stones
 z - 143 arrows
 P - 10 poisoned darts (quivered)
Armour
 c - a +0 helmet
 e - a +2 cloak (worn)
 m - a +1 shield
 o - a +0 large shield
 p - a +3 leather armour
 u - a +1 scale mail
 O - a +0 helmet (worn)
 Q - the +3 ring mail "Huowuchu" (worn) {rElec rCorr Int+4 Dex-3}
   (You found it on level 10 of the Dungeon)

   It affects your intelligence (+4).
   It affects your dexterity (-3).
   It insulates you from electricity.
   It provides partial protection from all sources of acid and corrosion.
Jewellery
 s - a ring of poison resistance (right hand)
 w - a cursed -5 ring of slaying {unknown}
 H - an uncursed amulet of faith
 N - a +3 ring of intelligence (left hand)
 R - a +4 ring of dexterity {unknown}
Wands
 v - a wand of enslavement (13)
 x - a wand of flame (22)
 C - a wand of digging (4)
 F - a wand of paralysis (9)
 M - a wand of iceblast (10)
Scrolls
 i - 3 scrolls of remove curse
 j - 8 scrolls of identify
 y - 3 scrolls of amnesia
 A - a scroll of noise {unknown}
 B - 6 scrolls of teleportation
 D - 3 scrolls of fear {unknown}
 G - 2 scrolls of fog
 I - a scroll of enchant armour
 L - 3 scrolls of immolation
Potions
 t - a potion of curing
 E - a potion of invisibility
Comestibles
 f - 20 rations


   Skills:
 * Level 7.1(6.2) Fighting
 + Level 9.9(9.1) Axes
 + Level 2.8(6.0) Maces & Flails
 + Level 1.4(1.1) Slings
 + Level 0.4(0.0) Bows
 + Level 0.1(0.0) Crossbows
 + Level 1.8(1.3) Throwing
 * Level 6.1(5.2) Armour
 + Level 4.6(3.7) Dodging
 + Level 1.1(0.3) Stealth
 * Level 5.7(4.8) Shields
 * Level 2.7(1.8) Spellcasting
 * Level 2.3(1.4) Conjurations
 * Level 3.1(2.2) Summonings
 * Level 1.1(0.3) Necromancy
 * Level 3.7(2.8) Invocations


You had 2 spell levels left.
You knew the following spells:

 Your Spells              Type           Power        Failure   Level  Hunger
a - Call Imp              Summ           ##......     12%         2    ##.....
b - Call Canine Familiar  Summ           ##......     24%         3    ###....
c - Blink                 Tloc           N/A          30%         2    ##.....
d - Mephitic Cloud        Conj/Pois/Air  #.......     45%         3    ###....
e - Vampiric Draining     Necr           #.........   47%         3    ###....

Your spell library contained the following spells:

 Spells                   Type           Power        Failure   Level  Hunger
 Summon Small Mammal      Summ           ##..         8%          1    #......
 Magic Dart               Conj           #...         11%         1    #......
 Animate Skeleton         Necr           N/A          19%         1    #......
 Pain                     Necr           #...         19%         1    #......
 Slow                     Hex            #.......     30%         2    ##.....
 Summon Guardian Golem    Hex/Summ       #.......     36%         3    ###....
 Conjure Flame            Conj/Fire      #.......     41%         3    ###....
 Regeneration             Chrm/Necr      #.........   50%         3    ###....
 Summon Ice Beast         Ice/Summ       #.......     77%         4    #####..
 Summon Lightning Spire   Summ/Air       #.......     77%         4    #####..
 Animate Dead             Necr           N/A          87%         4    #####..


Dungeon Overview and Level Annotations

Branches:
Dungeon (10/15)            Temple (1/1) D:7            Lair (1/6) D:9
    Orc (0/2) D:9         Gauntlet (1/1)

Altars:
Ashenzari
Cheibriados
Dithmenos
Elyvilon
Fedhas
Gozag
Hepliaklqana
Kikubaaqudgha
Makhleb
Nemelex Xobeh
Okawaru
Qazlal
Ru
Sif Muna
Trog
Uskayaw
Vehumet
Wu Jian
Xom
Yredelemnul
Zin
The Shining One

Annotations:
D:3 1 runed translucent door, Bronimir's ghost, amateur CeAM
Lair:1 3 runed translucent doors, txstrosman's ghost, journeyman DsGl Gauntlet 9 transporters, 2 runed translucent doors, exclusion: 2 lightning spires


Innate Abilities, Weirdness & Mutations

You have hoof-like feet.
You are completely covered in molten scales. (AC +4, rF+)
Your flesh is heat resistant. (rF+)
When hurt, damage is shared between your health and your magic reserves.
You regenerate magic rapidly.
You are immune to clouds of flame.
You are frail. (-10% HP)
You are somewhat resistant to further mutation.


Message History

Your hound dies!
Your hound's corpse disappears in a puff of smoke!
The catoblepas roars fiercely, eyes lowered.
The shadow imp hits you but does no damage.
Your white imp gestures at the shadow imp.
The puff of frost hits the shadow imp.
The shadow imp resists.
You fade into invisibility!
The soul eater hits you but does no damage.
The shadow imp hits you.
* * * LOW HITPOINT WARNING * * *
The soul eater hits you but does no damage.
Your white imp hits the soul eater but does no damage.
Something hits your white imp.
Your white imp hits the shadow imp.
Your white imp freezes the shadow imp.
The shadow imp completely resists.
The soul eater closely misses you.
The death scarab waves its antennae.
The soul eater draws from the surrounding life force!
* * * LOW HITPOINT WARNING * * *
The soul eater draws from the surrounding life force!
You die...

###≈###≈###≈###≈###≈###≈###≈###≈#
≈#≈≈≈#≈≈≈#≈≈≈#≈≈≈#≈≈≈#≈≈≈#≈≈≈#≈≈≈
...............................≈#
######...#########...#########.##
h##.##.8.#.......#.8.#.......#.≈#
#8.#h#...#.......#...#[#.###.#.≈≈
.#.#.#######'#########....#..#.≈#
8©#.##©.©#©.'5.5©#©.©#s.#©#.##©##
#.##.#.8.###'.##@#.8.#=.#...##..#
##^.##...#[.#5##.#...#.###.###...
..## #.8.#.)#..3.#.8.#.......#.∩.
#### #...#########...#########...
.#.. ..8.#.........8.#.........8.
#### #...#########...#########...
8#8. #.8.###.Y9###.8.#....##.#.∩.
.8...#...###...###...##..##..#...
8.8.8#.8.##.+##..#.8.###.#...#..#


You could see a catoblepas, a soul eater, a death scarab, a gargoyle, a shadow
imp and a friendly white imp.

Vanquished Creatures
  Harold (D:9)
  An unseen horror (D:8)
  Pikel (D:4)
  A shining eye (Gauntlet)
  A gargoyle (D:10)
  A spiny frog (Lair:1)
  A troll (D:9)
  Prince Ribbit (D:6)
  3 hippogriffs
  Sigmund (D:2)
  A human (D:7)
  2 yaks (D:7)
  A golden eye (Gauntlet)
  2 hogs (D:7)
  A wyvern (D:8)
  Eustachio (D:4)
  A hungry ghost (D:8)
  Menkaure (D:6)
  A floating eye (Gauntlet)
  A warg (D:9)
  A water moccasin (Lair:1)
  3 slaves
  Purgy (D:4)
  2 porcupines (Lair:1)
  7 orc warriors
  3 ice beasts
  2 sky beasts
  A black bear (Lair:1)
  4 phantoms
  3 ogres
  3 centaurs
  A crocodile (Lair:1)
  6 bullfrogs
  A big kobold (D:6)
  3 scorpions
  3 howler monkeys (D:7)
  3 crimson imps
  A centaur zombie (D:6)
  2 hounds
  6 orc priests
  2 bullfrog skeletons
  13 orc wizards
  4 iguanas
  14 worker ants
  2 hound zombies
  2 howler monkey skeletons
  A worker ant zombie (D:9)
  3 adders
  A river rat (D:5)
  2 shadow imps
  An ooze (D:4)
  An adder zombie (D:7)
  3 worms
  3 dart slugs
  2 leopard geckos
  36 orcs
  4 ball pythons
  2 giant cockroaches
  12 goblins
  9 hobgoblins
  11 jackals
  12 kobolds
  2 quokkas
  10 bats
  4 frilled lizards
  A leopard gecko skeleton (D:7)
  A quokka zombie (D:8)
  7 rats
245 creatures vanquished.

Vanquished Creatures (collateral kills)
  An orc warrior (D:9)
  A shadow imp (Gauntlet)
  An orc (D:9)
3 creatures vanquished.

Vanquished Creatures (others)
  An unseen horror (D:10)
1 creature vanquished.

Grand Total: 249 creatures vanquished

Notes
Turn   | Place    | Note
-------+----------+-------------------------------------------
     0 | D:1      | Bronimir the Demonspawn Gladiator began the quest for the
                  | Orb.
     0 | D:1      | Reached XP level 1. HP: 16/16 MP: 1/1
   292 | D:1      | Gained mutation: You are partially covered in molten
                  | scales. (AC +2) [demonic ancestry]
   292 | D:1      | Reached XP level 2. HP: 22/22 MP: 2/2
   342 | D:1      | Reached skill level 3 in Axes
   781 | D:2      | Noticed Sigmund
   990 | D:2      | Reached XP level 3. HP: 27/28 MP: 3/3
  1369 | D:2      | Killed Sigmund
  1369 | D:2      | Reached skill level 4 in Axes
  1369 | D:2      | Reached skill level 1 in Armour
  1369 | D:2      | Reached skill level 1 in Shields
  1369 | D:2      | Gained mutation: When hurt, damage is shared between your
                  | health and your magic reserves. [demonic ancestry]
  1369 | D:2      | Reached XP level 4. HP: 10/34 MP: 4/4
  1369 | D:2      | Gained mutation: You are mostly covered in molten scales.
                  | (AC +3) [demonic ancestry]
  1369 | D:2      | Reached XP level 5. HP: 12/39 MP: 5/5
  1762 | D:2      | Found a radiant altar of Vehumet.
  2197 | D:3      | Found a runed translucent door.
  2197 | D:3      | Noticed Bronimir's ghost (amateur CeAM)
  2204 | D:3      | Found a stormy altar of Qazlal.
  2206 | D:3      | You fall into a shaft and drop 2 floors!
  2206 | D:5      | Entered Level 5 of the Dungeon
  2219 | D:5      | Noticed an ogre
  2223 | D:5      | Killed an ogre
  2223 | D:5      | Gained mutation: Your flesh is heat resistant. (rF+)
                  | [demonic ancestry]
  2223 | D:5      | Reached XP level 6. HP: 36/47 MP: 4/6
  2561 | D:4      | Noticed Eustachio
  2607 | D:4      | Killed Eustachio
  2607 | D:4      | Reached skill level 5 in Axes
  2616 | D:4      | Gained mutation: You regenerate magic rapidly. [demonic
                  | ancestry]
  2616 | D:4      | Reached XP level 7. HP: 32/52 MP: 4/7
  2787 | D:3      | Found a faded altar of an unknown god.
  3161 | D:4      | Noticed Pikel
  4050 | D:4      | Found a glowing golden altar of the Shining One.
  4165 | D:4      | Noticed Purgy
  4174 | D:4      | Killed Purgy
  4291 | D:4      | Killed Pikel
  4291 | D:4      | Reached skill level 6 in Axes
  4291 | D:4      | Gained mutation: You have large cloven feet. [demonic
                  | ancestry]
  4291 | D:4      | Reached XP level 8. HP: 27/60 MP: 6/8
  4839 | D:5      | Found a snail-covered altar of Cheibriados.
  4998 | D:5      | Reached skill level 7 in Axes
  5095 | D:6      | Noticed Prince Ribbit
  5192 | D:6      | Noticed Menkaure
  5202 | D:6      | Killed Menkaure
  5996 | D:6      | Found a burning altar of Makhleb.
  6032 | D:6      | Gained mutation: You have hoof-like feet. [demonic
                  | ancestry]
  6032 | D:6      | Reached XP level 9. HP: 63/66 MP: 9/9
  6051 | D:6      | Reached skill level 8 in Axes
  6248 | D:6      | Killed Prince Ribbit
  6320 | D:6      | Reached skill level 5 in Fighting
  6529 | D:7      | Reached skill level 9 in Axes
  7013 | D:7      | Found a sparkling altar of Nemelex Xobeh.
  7014 | D:7      | Found an opulent altar of Gozag.
  7021 | D:7      | Reached skill level 5 in Shields
  7163 | D:7      | Learned a level 2 spell: Call Imp
  7167 | D:7      | Learned a level 3 spell: Call Canine Familiar
  7460 | D:7      | Found a staircase to the Ecumenical Temple.
  7490 | Temple   | Entered the Ecumenical Temple
  7655 | D:5      | Became a worshipper of Cheibriados the Contemplative
  7928 | D:7      | Gained mutation: You are immune to clouds of flame.
                  | [demonic ancestry]
  7928 | D:7      | Reached XP level 10. HP: 62/76 MP: 8/10
  8112 | D:8      | Reached skill level 5 in Armour
  8179 | D:8      | Reached skill level 1 in Invocations
  8433 | D:8      | Reached skill level 1 in Spellcasting
  8524 | D:8      | Killed an unseen horror
  8524 | D:8      | Reached skill level 1 in Summonings
  8648 | D:8      | Reached * piety under Cheibriados
  8962 | D:8      | Found a shimmering blue altar of Sif Muna.
  9254 | D:9      | Reached skill level 1 in Slings
  9307 | D:9      | HP: 1/77 [troll (4)]
  9527 | D:9      | Found a staircase to the Orcish Mines.
  9551 | D:9      | Got a dazzling falchion
  9552 | D:9      | Identified the cursed +3 falchion of Gyfett {pain, rF-
                  | Int+4 Dex+5} (You found it on level 9 of the Dungeon)
  9557 | D:9      | Learned a level 2 spell: Blink
  9561 | D:9      | Learned a level 3 spell: Mephitic Cloud
  9809 | D:9      | Noticed Harold
  9835 | D:9      | Killed Harold
 10325 | D:9      | Reached skill level 1 in Stealth
 10325 | D:9      | Reached skill level 1 in Conjurations
 10542 | D:9      | Reached ** piety under Cheibriados
 10581 | D:9      | Reached skill level 1 in Maces & Flails
 10654 | D:9      | Learned a level 3 spell: Vampiric Draining
 10666 | D:9      | Found a staircase to the Lair.
 11112 | D:9      | Gained mutation: You are completely covered in molten
                  | scales. (AC +4, rF+) [demonic ancestry]
 11112 | D:9      | Reached XP level 11. HP: 78/83 MP: 14/14
 11187 | D:9      | Found a burning altar of Makhleb.
 11189 | D:9      | Found an iron altar of Okawaru.
 11296 | D:10     | Entered Level 10 of the Dungeon
 11386 | D:10     | Killed an unseen horror
 11393 | D:10     | Got a heavily runed ring mail
 11404 | D:10     | Identified the +3 ring mail "Huowuchu" {rElec rCorr Int+4
                  | Dex-3} (You found it on level 10 of the Dungeon)
 11474 | Lair:1   | Entered Level 1 of the Lair of Beasts
 11515 | Lair:1   | Found a runed translucent gate.
 11515 | Lair:1   | Found a runed translucent gate.
 11515 | Lair:1   | Found a runed translucent gate.
 11519 | Lair:1   | Noticed a minotaur
 11523 | Lair:1   | Noticed txstrosman's ghost (journeyman DsGl)
 11842 | Lair:1   | Found a gate leading to a gauntlet.
 11862 | Gauntlet | Entered a Gauntlet
 11862 | Gauntlet | Found a transporter.
 11862 | Gauntlet | Found a transporter.
 11862 | Gauntlet | Noticed a shining eye
 11864 | Gauntlet | Noticed a death scarab
 11880 | Gauntlet | Found a transporter.
 11884 | Gauntlet | Found a transporter.
 11888 | Gauntlet | Found a runed translucent door.
 11890 | Gauntlet | Found a runed translucent door.
 11892 | Gauntlet | Found a transporter.
 11896 | Gauntlet | Found a transporter.
 11904 | Gauntlet | Found a transporter.
 11920 | Gauntlet | Found a transporter.
 11934 | Gauntlet | Found a transporter.
 11938 | Gauntlet | Found a transporter.
 11939 | Gauntlet | Noticed a soul eater
 11940 | Gauntlet | Found a runed translucent gate.
 11940 | Gauntlet | Found a runed translucent gate.
 11940 | Gauntlet | Found a runed translucent gate.
 11946 | Gauntlet | Found a transporter.
 11950 | Gauntlet | Found a transporter.
 11996 | Gauntlet | Paralysed by a floating eye for 4 turns
 12007 | Gauntlet | Killed a shining eye
 12007 | Gauntlet | Reached *** piety under Cheibriados
 12007 | Gauntlet | Reached skill level 1 in Necromancy
 12042 | Gauntlet | Gained mutation: You are frail. (-10% HP) [potion of
                  | mutation]
 12042 | Gauntlet | Gained mutation: You are somewhat resistant to further
                  | mutation. [potion of mutation]
 12119 | Gauntlet | Noticed a catoblepas
 12170 | Gauntlet | Killed from afar by a soul eater

Levels and vault maps discovered:
D:1:      dpeg_arrival_prison, layout_basic
D:2:      layout_basic, nicolae_overflow_hidden_temple, minmay_puff,
          uniq_sigmund
D:3:      layout_rooms, grunt_qazlal_clouds, first_ration,
          chequers_ecumenical_altar_simple, ebering_ghost_inner_flame
D:4:      layout_cave_pools, tso_oasis_becter, uniq_eustachio, uniq_pikel,
          uniq_purgy
D:5:      layout_loops_ring, kennysheep_slug_shrine, portal_sewer_entry_b
D:6:      layout_cave_pods, basic_altar, uniq_prince_ribbit1, uniq_menkaure
D:7:      layout_basic, grunt_temple_overflow_opulence,
          minmay_temple_entry_antechambers, grunt_livestock
D:8:      layout_basic, kennysheep_little_box, kennysheep_generic_room_2
D:9:      layout_stronghold, minitemple, lair_entry_dummy, david_orc_1_choice,
          enter_bailey_3, uniq_harold
D:10:     layout_loops_ring, gammafunk_ghost_split,
          nicolae_dithmenos_through_a_glass_darkly
Temple:   dshaligram_water_room_temple
Lair:1:   layout_cave_pods, gauntlet_entry_generic,
          maelrawn_ghost_gauntlet_escape, minivault_24, serial_bayou_lagoon_a
Gauntlet: minmay_gauntlet_77_indecision [minmay_gauntlet_arena_77_broken_ladder,
          minmay_gauntlet_arena_77_fan, minmay_gauntlet_arena_77_run_for_it,
          minmay_gauntlet_arena_77_cramped, minmay_gauntlet_arena_77_mess,
          minmay_gauntlet_arena_77_terracotta_army, gauntlet_exit_watery]

Skill      XL: |  1  2  3  4  5  6  7  8  9 10 11 |
---------------+----------------------------------+-----
Axes           | 3 4 5 6 7 9 |  9.9
Armour         | 1 2 3 4 5 6 |  6.1
Dodging        | 3 4 |  4.6
Shields        | 1 2 3 5 |  5.7
Fighting       | 3 4 5 6 7 |  7.1
Invocations    | 3 |  3.7
Spellcasting   | 2 |  2.7
Summonings     | 2 3 |  3.1
Slings         | 1 |  1.4
Stealth        | 1 |  1.1
Conjurations   | 1 2 |  2.3
Maces & Flails | 1 2 |  2.8
Necromancy     | 1 |  1.1
Bows           | |  0.4
Crossbows      | |  0.1
Throwing       | |  1.8

Action                   |  1- 3 |  4- 6 |  7- 9 | 10-12 || total
-------------------------+-------+-------+-------+-------++-------
Melee: War axe           |   114 |   114 |   442 |   165 ||   835
       Kick              |       |       |   104 |   128 ||   232
       Flail             |       |       |       |   194 ||   194
 Fire: Hunting sling     |       |       |       |    33 ||    33
       Shortbow          |       |       |       |    14 ||    14
       Hand crossbow     |       |       |       |     5 ||     5
Throw: Throwing net      |       |       |     1 |       ||     1
 Cast: Call Imp          |       |       |       |    10 ||    10
       Call Canine Famil |       |       |       |     1 ||     1
  Use: Scroll            |     4 |       |     9 |     3 ||    16
       Potion            |       |     3 |     3 |     8 ||    14
 Stab: Distracted        |       |       |       |     1 ||     1
       Sleeping          |       |       |       |     1 ||     1
  Eat: Chunk             |     1 |     4 |    17 |    11 ||    33
       Ration            |       |       |       |     1 ||     1
Armor: Leather armour    |    44 |     1 |    86 |    91 ||   222
       Ring mail         |       |    91 |       |    16 ||   107
       Scale mail        |       |       |   104 |    87 ||   191
Dodge: Dodged            |    92 |    92 |   198 |   249 ||   631
Block: Shield            |    27 |    88 |   241 |    11 ||   367
